 Dungeon Crawl Stone Soup version 0.29-a0-2-g12fcac58f8 (webtiles) character file.

Game seed: 17700602403733241061

1373 ragingrage the Charlatan (level 8, -1/48 HPs)
             Began as a Gargoyle Artificer on Jan 26, 2022.
             Slain by a troll (9 damage)
             ... on level 7 of the Dungeon.
             The game lasted 00:06:28 (5880 turns).

ragingrage the Charlatan (Gargoyle Artificer)       Turns: 5880, Time: 00:06:29

Health: -1/48      AC: 14    Str: 19    XL:     8   Next: 66%
Magic:  17/17      EV:  9    Int: 11    God:
Gold:   84         SH:  0    Dex: 10    Spells: 7/7 levels left

rFire   . . .      SeeInvis .   b - +2 dagger (venom)
rCold   . . .      Faith    .   (no shield)
rNeg    + . .      Spirit   .   q - +2 scale mail {rPois}
rPois   ∞          Reflect  .   (no helmet)
rElec   +          Harm     .   (no cloak)
rCorr   .          Rampage  .   (no gloves)
Will    .....                   (no boots)
Stlth   ..........              (no amulet)
HPRegen 0.16/turn               n - ring of magical power
MPRegen 0.15/turn               (no ring)

@: mighty, flying
A: sickness immunity, AC +5, negative energy resistance 1, electricity
resistance, torment resistance 1, petrification resistance
a: no special abilities


You were on level 7 of the Dungeon.
You visited 1 branch of the dungeon, and saw 6 of its levels.

You collected 84 gold pieces.

Inventory:

Hand Weapons
 a - a +2 whip of electrocution
 b - a +2 dagger of venom (weapon)
 p - a +0 hand axe
Missiles
 h - 2 curare-tipped darts (quivered)
 t - 2 poisoned darts
Armour
 q - a +2 scale mail of poison resistance (worn)
Jewellery
 i - a ring of flight
 n - a ring of magical power (left hand)
 u - an amulet of reflection
Wands
 c - a wand of flame (11)
 d - a wand of charming (10)
 o - a wand of paralysis (1)
Scrolls
 g - a scroll of fog {unknown}
 j - 3 scrolls of vulnerability
 l - a scroll of enchant armour {unknown}
 m - 3 scrolls of teleportation
 r - 3 scrolls of identify
 w - a scroll of torment {unknown}
Potions
 f - a potion of lignification
 v - a potion of magic {unknown}
Miscellaneous
 e - a piece from Xom's chessboard (15/15)


   Skills:
 - Level 4.8 Fighting
 + Level 5.1 Axes
 - Level 2.1 Armour
 - Level 0.7 Dodging
 - Level 1.1 Stealth
 + Level 7.2 Evocations


You had 7 spell levels left.
You didn't know any spells.
Your spell library contained the following spells:

 Spells                   Type           Power      Damage    Failure   Level
 Iskenderun's Battlesphe  Conj           0%         2d6       100%        5
 Iron Shot                Conj/Erth      0%         9d1       100%        6
 Spellforged Servitor     Conj/Summ      0%         N/A       100%        7


Dungeon Overview and Level Annotations

Branches:
Dungeon (7/15)
 Temple: D:4-7

Altars:
Kikubaaqudgha
The Shining One

Shops:
D:3 ?   D:6 =

Annotations:
D:3 2 runed translucent doors, jlumianski's ghost, weakling HOFE


Innate Abilities, Weirdness & Mutations

You are immune to sickness and miasma.
Your stone body is resilient. (AC +5)
You are immune to poison.
You resist negative energy. (rN+)
You are resistant to electric shocks. (rElec)
You are resistant to unholy torment.
You are immune to petrification.


Message History

You kill the iguana!
You start resting.
You hear the creaking of a distant portcullis.
You start resting.
You hear the steady creaking of a distant portcullis.
There is a stone staircase leading down here.
A centaur and a troll come into view.
The centaur shouts!
The troll shouts!
The centaur wields a +0 shortbow.
The centaur shoots an arrow.
The arrow hits you but does no damage.
The centaur shoots an arrow.
The arrow hits you.
Okay, then.
The centaur shoots an arrow.
The arrow closely misses you.
The centaur shoots an arrow.
The arrow hits you.
* * * LOW HITPOINT WARNING * * *
The centaur shoots an arrow.
The arrow hits you!
* * * LOW HITPOINT WARNING * * *
It was a potion of might.
You feel very mighty all of a sudden.
It was a potion of flight.
You feel very buoyant.
You fly up into the air.
The centaur shoots an arrow.
The arrow hits you but does no damage.
You puncture the centaur!
The centaur is poisoned.
The centaur is heavily wounded.
The centaur unwields a +0 shortbow.
The centaur closely misses you. x2
You hit the centaur.
The centaur looks as sick as possible!
The centaur is severely wounded.
The centaur hits you but does no damage.
The centaur kicks you but does no damage.
You puncture the centaur!
You kill the centaur!
Your Axes skill increases to level 5!
Throw: 3 darts (curare)
Press: ? - help, Q - select action, (/) - cycle Shift-Dir - straight line, f - troll
Aim: a troll (57% to hit)
You throw a curare-tipped dart.
The curare-tipped dart barely misses the troll.
The troll bites you!
You die...

#.# #....# #.# #.####
####.#####.#
########.......##.#
######......#.##.##.##.#
.......####.#.##.##.##.####
......................>...#
#####..####...##T##.##.##.#
##.## #...##@##.##..# #
####..###c..##.##.....#
#...........##.#####..#
#.#.#..#.#c###........# #
#.......T# #######.##
####.##....c... ...#
#.##..###### ##### #.##..#
#.##..#


You could see a troll.

Vanquished Creatures
  Pikel (D:4)
  A water moccasin (D:7)
  A black bear (D:4)
  An ogre (D:4)
  A centaur (D:7)
  2 lemures (D:4)
  A bullfrog (D:4)
  A scorpion (D:3)
  2 hounds
  A jelly (D:3)
  An orc priest (D:4)
  2 iguanas
  3 orc wizards
  A killer bee zombie (D:7)
  A hound skeleton (D:2)
  6 adders
  An ufetubus (D:4)
  A worm (D:3)
  2 dart slugs
  10 orcs
  6 ball pythons
  11 endoplasms
  4 giant cockroaches
  7 goblins
  9 hobgoblins
  2 jackals (D:1)
  6 kobolds
  4 quokkas
  2 bats
  3 frilled lizards
  3 rats
97 creatures vanquished.

Vanquished Creatures (collateral kills)
  A ball python (D:1)
  A bat (D:1)
  A kobold (D:1)
  A rat (D:1)
4 creatures vanquished.

Vanquished Creatures (others)
  An endoplasm (D:1)
  A hobgoblin (D:1)
2 creatures vanquished.

Grand Total: 103 creatures vanquished

Notes
Turn   | Place    | Note
-------+----------+-------------------------------------------
     0 | D:1      | ragingrage the Gargoyle Artificer began the quest for the
                  | Orb.
     0 | D:1      | Reached XP level 1. HP: 12/12 MP: 1/1
   265 | D:1      | Reached skill level 3 in Evocations
   265 | D:1      | Reached XP level 2. HP: 10/17 MP: 2/2
   389 | D:1      | Found a faded altar of an unknown god.
  1225 | D:1      | Reached XP level 3. HP: 16/22 MP: 3/3
  2539 | D:2      | Reached XP level 4. HP: 14/28 MP: 4/4
  2794 | D:2      | Reached skill level 4 in Evocations
  2914 | D:2      | Reached XP level 5. HP: 30/33 MP: 5/5
  3442 | D:3      | Paralysed by a hobgoblin for 6 turns
  3607 | D:3      | Found Vyexix's Magic Scroll Emporium.
  3625 | D:3      | Found a large runed translucent door.
  3626 | D:3      | Found a large runed translucent door.
  3627 | D:3      | Noticed jlumianski's ghost (weakling HOFE)
  3661 | D:3      | Reached XP level 6. HP: 30/39 MP: 6/6
  4608 | D:4      | Reached skill level 1 in Axes
  4608 | D:4      | Reached skill level 5 in Evocations
  4678 | D:4      | Found an ancient bone altar of Kikubaaqudgha.
  4680 | D:4      | Found a glowing golden altar of the Shining One.
  4738 | D:4      | Noticed a black bear
  4749 | D:4      | Killed a black bear
  4750 | D:4      | Reached XP level 7. HP: 9/44 MP: 7/7
  5392 | D:4      | Noticed Pikel
  5412 | D:4      | Killed Pikel
  5413 | D:4      | Reached skill level 6 in Evocations
  5413 | D:4      | Reached XP level 8. HP: 43/48 MP: 8/8
  5520 | D:4      | You fall into a shaft and drop 2 floors!
  5525 | D:6      | Found Bompeci's Jewellery Shop.
  5542 | D:7      | Reached skill level 7 in Evocations
  5865 | D:7      | Noticed a troll
  5880 | D:7      | Reached skill level 5 in Axes
  5880 | D:7      | Slain by a troll

Illustrated notes

Levels and vault maps discovered:
D:1:      dpeg_arrival_circle_labyrinth_c, layout_basic,
          nicolae_ecumenical_lake_church
D:2:      layout_loops_ring
D:3:      layout_rooms, ebering_ghost_disaster_area, serial_shops,
          nicolae_shop_crystal
D:4:      layout_loops_ring, nicolae_overflow_squiral, temple_statues,
          kennysheep_generic_room_9, uniq_pikel
D:6:      layout_layer_cave, nicolae_gozag_seed_capital, serial_shops, shop,
          shop, shop, shop, shop
D:7:      layout_basic, enter_bailey_7, kennysheep_opposing_triangles

Skill      XL: |  1  2  3  4  5  6  7  8 |
---------------+-------------------------+-----
Evocations     | 3 4 5 6 7 |  7.2
Fighting       | 2 3 4 |  4.8
Axes           | 1 4 5 |  5.1
Armour         | |  2.1
Dodging        | |  0.7
Stealth        | |  1.1

Action                   |  1- 3 |  4- 6 |  7- 9 || total
-------------------------+-------+-------+-------++-------
Melee: Club              |    78 |       |       ||    78
       Punch             |     2 |     3 |     3 ||     8
       Short sword       |    76 |     6 |       ||    82
       Dagger            |       |   153 |   104 ||   257
       Whip              |       |       |    14 ||    14
Throw: Dart              |       |       |     2 ||     2
Evoke: Wand              |     9 |       |     3 ||    12
  Use: Scroll            |       |     3 |       ||     3
       Potion            |       |       |     2 ||     2
 Stab: Paralysed         |       |       |    10 ||    10
Armor: Leather armour    |    54 |       |       ||    54
       Scale mail        |    19 |    94 |    56 ||   169
Dodge: Dodged            |    96 |    68 |    51 ||   215

Table legend: (Time is in decaauts)
 A = Elapsed time spent in this place.
 B = Non-inter-level travel time spent in this place.
 C = Inter-level travel time spent in this place.
 D = Time resting spent in this place.
 E = Time spent auto-exploring this place.
 F = Levels seen in this place.
 G = Mean time per level.
                   A        B        C        D        E       F      G
               +--------+--------+--------+--------+--------+-----+--------+
         Total |   5910 |   5806 |    104 |   1589 |   3105 |   6 |  985.0 |
       Dungeon |   5910 |   5806 |    104 |   1589 |   3105 |   6 |  985.0 |
               +--------+--------+--------+--------+--------+-----+--------+

Top non-repeatable levels by time:
     D:1: 2182 daAuts
     D:3: 1199 daAuts
     D:2: 1155 daAuts
     D:4: 1015 daAuts
     D:7: 349 daAuts
     D:6: 8 daAuts
